 Dungeon Crawl Stone Soup version 0.18.1-6-gd335043 (webtiles) character file.

95 Groucho the Sneak (level 4, -2/22 HPs)
             Began as a Spriggan Enchanter on May 16, 2016.
             Slain by an ice beast (10 damage)
             ... on level 3 of the Dungeon.
             The game lasted 00:07:55 (3017 turns).

Groucho the Sneak (Spriggan Enchanter)              Turns: 3017, Time: 00:07:55

Health: -2/22      AC:  3    Str:  5    XL:     4   Next: 39%
Magic:  2/10       EV: 19    Int: 16    God:
Gold:   144        SH:  0    Dex: 16    Spells: 3 memorised, 4 levels left

rFire  . . .     SeeInvis +     a - +1 dagger
rCold  . . .     Gourm    .     b - +1 robe
rNeg   . . .     Faith    .     (shield restricted)
rPois  .         Spirit   .     (helmet restricted)
rElec  .         Dismiss  .     (no cloak)
rCorr  .         Reflect  .     (gloves unavailable)
SustAt .         Harm     .     (boots unavailable)
MR     .....                    (no amulet)
Stlth  +++.......               (no ring)
                                (no ring)

@: very quick, not resistant to hostile enchantments, fairly stealthy
A: unfitting armour, see invisible, herbivore 3, speed 3, slow metabolism 2
a: no special abilities


You were on level 3 of the Dungeon.
You were hungry.

You visited 1 branch of the dungeon, and saw 3 of its levels.

You collected 144 gold pieces.

Inventory:

Hand Weapons
 a - a +1 dagger (weapon)
Missiles
 g - 130 stones (quivered)
Armour
 b - a +1 robe (worn)
Jewellery
 o - an uncursed amulet of guardian spirit {unknown}
Scrolls
 e - a scroll of noise {unknown}
 h - a scroll of fear
 i - 2 scrolls of enchant weapon {unknown}
 k - a scroll of identify {unknown}
 p - a scroll of recharging {unknown}
 q - a scroll of teleportation {unknown}
 r - a scroll of blinking {unknown}
 s - a scroll of random uselessness {unknown}
Potions
 f - 3 potions of curing {unknown}
 j - a potion of cancellation {unknown}
 l - a potion of resistance {unknown}
 m - a potion of flight {unknown}
Books
 c - a book of Maledictions

   Spells                             Type                      Level
   a - Corona                         Hexes                        1
   b - Ensorcelled Hibernation        Hexes/Ice                    2
   c - Confuse                        Hexes                        3
   d - Tukima's Dance                 Hexes                        3
   e - Dazzling Spray                 Conjuration/Hexes            3
Comestibles
 d - a bread ration
 n - a slice of pizza


   Skills:
 + Level 1.0 Fighting
 + Level 2.1 Short Blades
 + Level 3.8 Dodging
 + Level 4.9 Stealth
 * Level 3.6 Spellcasting
 * Level 4.2 Hexes


You had 4 spell levels left.
You knew the following spells:

 Your Spells              Type           Power        Failure   Level  Hunger
a - Corona                Hex            ###....      3%          1    None
b - Ensorcelled Hibernat  Hex/Ice        #.....       12%         2    ##.....
c - Confuse               Hex            ###.....     12%         3    ###....


Dungeon Overview and Level Annotations

Branches:
Dungeon (3/15)

Altars:


Innate Abilities, Weirdness & Mutations

You are tiny and cannot use many weapons and most armour.
You have supernaturally acute eyesight.
You are a herbivore.
You cover ground extremely quickly.
You need consume almost no food.


Message History

An ice beast comes into view.
The helpless ice beast fails to defend itself.
You impale the ice beast!!
The ice beast is almost dead.
The ice beast closely misses you.
Casting: Ensorcelled Hibernation
Confirm with . or Enter, or press ? or * to list all spells.
Aiming: Confuse
Press: ? - help, Shift-Dir - straight line, f - ice beast
Aim: an ice beast (almost dead, chance to defeat MR: 47%)
The ice beast resists with some effort.
The ice beast hits you. The ice beast freezes you!
Casting: Confuse
Confirm with . or Enter, or press ? or * to list all spells.
Aiming: Confuse
Press: ? - help, Shift-Dir - straight line, f/p - ice beast
Aim: an ice beast (almost dead, chance to defeat MR: 47%)
The ice beast resists with some effort.
The ice beast hits you. The ice beast freezes you!
You die...

#.# #.# . #.. . ##.# .#
#..# .# #..######.##
#..........##
###.#####.....## ##
##.#.# #Y@.....#
.######....###.........#
.............+.........+
.#.####....###.........#
.#.# ##...# ##.......##
.#.# ##..# ##.)...##
##.# ...# ##...## #.#
#.## #+## #.# #.#


You could see an ice beast.

Vanquished Creatures
  3 adders
  2 oozes
  3 dart slugs (D:1)
  2 worms (D:2)
  A giant gecko (D:1)
  An orc (D:3)
  3 giant cockroaches
  8 hobgoblins
  2 quokkas
  A ball python (D:1)
  6 bats
  A giant newt (D:2)
  5 goblins
  5 kobolds
  5 rats
48 creatures vanquished.

Notes
Turn   | Place    | Note
--------------------------------------------------------------
     0 | D:1      | Groucho the Spriggan Enchanter began the quest for the Orb.
     0 | D:1      | Reached XP level 1. HP: 9/9 MP: 5/5
   342 | D:1      | Reached XP level 2. HP: 13/13 MP: 7/7
   349 | D:1      | Learned a level 2 spell: Ensorcelled Hibernation
  1041 | D:2      | Reached XP level 3. HP: 10/16 MP: 8/8
  2092 | D:3      | Learned a level 3 spell: Confuse
  2472 | D:2      | Reached XP level 4. HP: 17/21 MP: 7/10
  2814 | D:3      | Reached skill level 1 in Fighting
  3013 | D:3      | Noticed an ice beast
  3017 | D:3      | Slain by an ice beast

Skill      XL: |  1  2  3  4 |
---------------+-------------+-----
Spellcasting   | 3 |  3.6
Short Blades   | 2 |  2.1
Hexes          | 4 |  4.2
Fighting       | 1 |  1.0
Dodging        | |  3.8
Stealth        | |  4.9

Action                   |  1- 3 |  4- 6 || total
-------------------------+-------+-------++-------
Melee: Dagger            |   160 |    12 ||   172
Throw: Stone             |     4 |       ||     4
 Cast: Ensorcelled Hiber |     5 |     2 ||     7
       Confuse           |     1 |     3 ||     4
  Use: Scroll            |     1 |       ||     1
 Stab: Sleeping          |    14 |     5 ||    19
       Distracted        |     2 |       ||     2
       Confused          |     1 |     1 ||     2
Armor: Robe              |    15 |     1 ||    16
Dodge: Dodged            |    95 |     7 ||   102
